Map: King's Cove LE

Players

Railgan - Winner!

  • Race: Zerg Zerg
  • League: Grandmaster
  • Spawn Location: 5:00

ArT

  • Race: Protoss Protoss
  • League: Grandmaster
  • Spawn Location: 11:00

VOD

Have the link to the VOD?

Description

Time

  • Played on: March 13, 2019, 5:26 p.m.
  • Length: 18:38
Show
View Real Time Build Order
Export as new Build Order

Railgan Zerg - Winner!

Build Orders: Hatch First, Brood Lord Corruptor 

Get SALT Encoding   

  12  0:00  Drone  
  13  0:13  Overlord  
  13  0:18  Drone  
  14  0:31  Drone x2  
  14  0:35  Drone  
  17  0:53  Hatchery  
  17  0:57  Drone  
  17  0:59  Drone  
  18  1:13  Extractor  
  18  1:16  Spawning Pool  
  16  1:18  Drone  
  16  1:21  Drone  
  18  1:29  Drone  
  19  1:40  Drone  
  20  1:50  Drone  
  21  2:04  Queen  
  21  2:05  Queen  
  21  2:06  Zergling x4  
  27  2:13  Overlord  
  27  2:18  Drone, Metabolic Boost  
  28  2:37  Drone  
  28  2:38  Drone x3  
  32  2:45  Drone  
  32  2:46  Queen  
  35  2:51  Overlord  
  34  3:07  Drone  
  34  3:08  Overlord  
  34  3:09  Queen  
  34  3:12  Zergling x2  
  38  3:13  Drone  
  38  3:17  Drone  
  38  3:18  Drone x3  
  43  3:24  Lair  
  43  3:32  Drone  
  43  3:33  Drone x3  
  47  3:39  Overlord  
  47  3:42  Spore Crawler  
  47  3:45  Spore Crawler  
  47  3:47  Drone x2  
  47  3:52  Extractor  
  47  3:53  Roach Warren, Extractor  
  44  3:55  Drone  
  44  3:56  Drone  
  44  3:59  Overlord  
  46  4:06  Drone  
  46  4:07  Drone x2  
  49  4:12  Spore Crawler  
  49  4:15  Drone  
  48  4:24  Drone  
  48  4:26  Drone x2  
  48  4:29  Drone  
  48  4:30  Hydralisk Den  
  51  4:31  Evolution Chamber  
  51  4:32  Extractor  
  51  4:35  Drone x2  
  51  4:37  Overlord  
  51  4:40  Drone  
  52  4:49  Drone  
  52  4:51  Drone x2  
  52  4:52  Hatchery  
  54  4:54  Drone x2  
  54  4:57  Overlord  
  56  5:03  Grooved Spines  
  56  5:04  Zerg Melee Weapons Level 1  
  56  5:11  Baneling Nest, Hydralisk  
  57  5:15  Hydralisk  
  57  5:19  Hydralisk  
  57  5:20  Hydralisk  
  62  5:30  Hydralisk x2  
  62  5:32  Drone  
  67  5:41  Hydralisk x4  
  75  5:51  Overlord x2  
  75  5:58  Overlord  
  75  6:02  Overlord  
  70  6:19  Drone, Muscular Augments  
  70  6:20  Drone x8  
  70  6:25  Zergling x4, Overlord  
  81  6:26  Centrifical Hooks  
  81  6:27  Zergling x2  
  82  6:33  Extractor  
  82  6:36  Drone  
  82  6:38  Drone  
  83  6:40  Drone  
  83  6:44  Drone  
  83  6:45  Extractor  
  85  6:47  Drone x2  
  85  6:50  Drone x2  
  85  6:52  Drone  
  89  6:58  Drone x2, Hatchery, Infestation Pit  
  89  7:00  Overlord  
  89  7:04  Zerg Melee Weapons Level 2  
  89  7:07  Drone  
  89  7:12  Drone  
  89  7:13  Drone x2, Overseer  
  91  7:19  Hydralisk  
  91  7:20  Zergling x4  
  91  7:22  Zergling x10  
  100  7:25  Zergling x2, Hydralisk  
  100  7:28  Overlord  
  103  7:32  Overlord  
  103  7:33  Zergling x4  
  105  7:43  Zergling x2  
  106  7:48  Baneling x4  
  106  7:49  Baneling x4  
  106  7:50  Zergling x8  
  109  8:00  Zergling x4  
  109  8:03  Hive  
  111  8:11  Zergling x2  
  111  8:12  Spire, Zergling x2  
  112  8:14  Zergling x4  
  114  8:24  Drone x2  
  116  8:30  Zergling x4  
  116  8:31  Overlord  
  118  8:34  Hatchery  
  118  8:35  Hatchery  
  118  8:39  Zergling x2  
  118  8:40  Zergling x6, Overlord x2  
  120  8:45  Baneling  
  120  8:46  Baneling x6  
  120  8:50  Drone x2  
  120  8:51  Zergling x2  
  120  8:53  Zergling x2  
  124  9:00  Zergling x4  
  126  9:14  Zergling x8  
  123  9:26  Zerg Melee Weapons Level 3  
  123  9:30  Spine Crawler  
  121  9:34  Drone x2, Greater Spire, Corruptor x2  
  121  9:35  Corruptor x2  
  121  9:36  Zergling x4  
  121  9:37  Corruptor x2  
  121  9:38  Corruptor  
  139  9:39  Zergling x2  
  139  9:43  Drone  
  140  9:46  Corruptor  
  140  9:49  Drone x2  
  140  9:50  Infestor x2  
  140  9:51  Corruptor  
  150  9:53  Zergling x2  
  150  9:54  Zergling x2  
  150  9:59  Zergling x4  
  151  10:23  Extractor  
  151  10:24  Extractor  
  151  10:26  Spine Crawler  
  151  10:27  Spine Crawler  
  151  10:28  Zergling x2, Spine Crawler  
  146  10:29  Zergling x2  
  146  10:33  Overlord  
  148  10:36  Zergling x2  
  148  10:37  Zergling x2  
  150  10:45  Zergling x4  
  150  10:47  Zerg Flyer Weapons Level 1  
  150  10:49  Brood Lord x9  
  170  10:51  Baneling  
  170  10:52  Baneling x5  
  170  10:55  Zergling x2  
  170  10:56  Zergling x2  
  172  10:59  Zergling x2  
  172  11:01  Zergling x4  
  172  11:02  Zergling x2  
  172  11:03  Zergling x4  
  174  11:06  Drone  
  174  11:07  Zergling x8  
  176  11:12  Corruptor  
  176  11:17  Zergling x6  
  176  11:18  Drone x2  
  175  11:19  Zergling x2  
  175  11:20  Zergling x2  
  175  11:25  Zergling x4  
  178  11:27  Overlord  
  178  11:33  Zergling x2  
  178  11:36  Zergling x4  
  178  11:38  Zergling x2  
  182  11:42  Zergling x2  
  182  11:43  Corruptor x2  
  181  11:50  Zergling x2  
  181  11:53  Zergling x2  
  182  11:57  Zergling x2  
  182  11:58  Zergling x2  
  180  12:18  Pneumatized Carapace  
  180  12:20  Zerg Ground Armor Level 1  
  180  12:24  Zergling x2  
  180  12:25  Corruptor x2  
  180  12:29  Zergling x4  
  187  12:30  Drone x2  
  189  12:39  Zergling x2  
  189  12:40  Zergling x4  
  192  12:46  Spore Crawler  
  192  12:47  Zergling x4  
  192  12:48  Overlord  
  192  12:49  Overlord  
  193  12:51  Overseer x2  
  193  12:55  Baneling x4  
  193  12:56  Baneling x10  
  193  13:02  Brood Lord x2  
  197  13:12  Zergling x2  
  198  13:14  Zergling x4  
  198  13:19  Zergling x2  
  195  13:21  Zergling x2  
  195  13:22  Corruptor x2  
  195  13:24  Zergling x2  
  189  13:34  Hydralisk x12  
  156  13:35  Hydralisk x4  
  156  13:37  Zergling x2, Hydralisk x2  
  156  13:39  Zergling x4  
  156  13:40  Zergling x2  
  156  13:41  Zergling x2  
  170  13:46  Hydralisk  
  170  13:47  Hydralisk x2  
  163  13:48  Hydralisk  
  163  13:52  Hydralisk  
  157  13:58  Hydralisk x2  
  157  13:59  Hydralisk  
  157  14:01  Hydralisk  
  160  14:03  Overseer  
  160  14:09  Zergling x2  
  144  14:10  Zergling x6  
  144  14:13  Adrenal Glands  
  147  14:26  Corruptor x4  
  143  14:34  Zergling x2  
  135  14:44  Zergling x6  
  132  14:50  Zergling x4  
  132  14:51  Zergling x4  
  128  14:53  Overseer x2  
  128  14:57  Drone x3  
  128  14:58  Drone x3  
  128  14:59  Drone  
  125  15:00  Drone  
  125  15:01  Drone  
  125  15:05  Zergling x4  
  126  15:09  Drone x2  
  125  15:14  Drone  
  125  15:16  Zergling x4  
  124  15:25  Hydralisk x3  
  124  15:26  Zergling x4  
  124  15:27  Drone x2  
  124  15:28  Drone x3  
  134  15:33  Zergling x4  
  134  15:35  Zergling x4, Spore Crawler  
  137  15:37  Spore Crawler, Spine Crawler  
  137  15:38  Zergling x2  
  133  15:46  Zergling x2  
  134  15:50  Zergling x4  
  134  15:53  Zergling x4  
  138  15:59  Zerg Missile Weapons Level 1  
  138  16:00  Corruptor  
  138  16:01  Corruptor x5  
  138  16:03  Infestor x3, Zergling x2  
  138  16:04  Infestor  
  155  16:07  Zergling x4  
  155  16:08  Drone  
  162  16:13  Drone  
  155  16:36  Drone  
  155  16:37  Zergling x4  
  155  16:38  Drone  
  158  16:42  Zergling x2  
  158  16:50  Brood Lord  
  158  16:51  Brood Lord x9, Corruptor  
  158  16:52  Corruptor  
  182  17:01  Extractor  
  181  17:03  Extractor  
  180  17:12  Zergling x2  
  180  17:13  Zergling x2  
  180  17:14  Zergling x2  
  180  17:15  Hatchery  
  177  17:29  Zergling x20  
  177  17:30  Zergling x2  
  177  17:36  Zergling x12  
  175  17:39  Zergling x2  
  175  17:41  Overseer  
  175  17:42  Overseer  
  163  17:55  Zergling x4  
  163  17:57  Zergling x4  
  167  18:05  Zergling x4  
  167  18:09  Baneling  
  167  18:10  Baneling x8  
  167  18:12  Zergling x2  
  168  18:13  Zergling x12  
  168  18:14  Hydralisk  
Show
View Real Time Build Order
Export as new Build Order

ArT Protoss 

Build Orders: 1 Gate Expand, Oracle Opening, Phoenix Opening, Archon Immortal, Archon Drop 

Get SALT Encoding   

  12  0:00  Probe  
  13  0:13  Probe  
  14  0:18  Pylon  
  14  0:24  Probe  
  15  0:32  Probe  
  15  0:40  Probe, Gateway  
  17  0:51  Probe, Assimilator  
  18  1:03  Probe  
  19  1:15  Probe  
  20  1:29  Nexus  
  20  1:41  Cybernetics Core  
  20  1:45  Probe  
  21  1:51  Assimilator  
  21  1:57  Probe  
  21  1:59  Pylon  
  22  2:08  Adept  
  22  2:09  Probe  
  23  2:21  Probe  
  26  2:25  Stargate  
  26  2:28  Warp Gate  
  26  2:33  Probe  
  27  2:38  Adept  
  27  2:39  Probe  
  30  2:47  Probe x2  
  32  2:57  Probe  
  31  2:59  Probe  
  31  3:00  Oracle  
  33  3:09  Probe  
  33  3:11  Probe  
  38  3:16  Pylon  
  38  3:21  Probe  
  38  3:23  Probe  
  40  3:30  Gateway, Phoenix  
  40  3:33  Probe  
  41  3:36  Probe  
  44  3:43  Assimilator  
  44  3:45  Assimilator  
  44  3:46  Probe  
  45  3:48  Probe  
  45  3:54  Robotics Facility  
  46  4:00  Probe x2  
  46  4:06  Twilight Council  
  46  4:12  Probe  
  46  4:13  Probe  
  48  4:18  Pylon  
  45  4:24  Probe  
  45  4:25  Probe  
  45  4:28  Gateway  
  45  4:30  Gateway  
  47  4:35  Zealot  
  47  4:36  Warp Prism, Zealot  
  51  4:43  Pylon  
  51  4:52  Probe x2  
  55  4:56  Templar Archives  
  55  5:08  Pylon, Zealot x2  
  59  5:24  Nexus  
  59  5:27  Pylon  
  59  5:28  Immortal  
  59  5:35  High Templar x4  
  61  5:39  Archon  
  61  5:40  Archon  
  71  5:44  Pylon  
  71  5:48  Probe x2  
  73  5:50  Charge  
  73  6:00  Observer  
  73  6:01  Forge  
  73  6:07  Gateway  
  74  6:16  Gateway  
  72  6:19  High Templar  
  72  6:20  Probe x2  
  76  6:26  Observer  
  76  6:27  High Templar, Zealot x2  
  76  6:28  Protoss Ground Weapons Level 1  
  76  6:30  Gateway  
  76  6:32  Archon  
  82  6:38  Immortal  
  82  6:39  Probe x2  
  84  6:41  Probe  
  84  6:44  Shield Battery  
  85  6:51  Probe  
  90  6:56  Psionic Storm  
  90  6:58  Probe  
  92  7:01  Probe  
  92  7:05  Observer  
  92  7:09  Immortal  
  92  7:10  Probe  
  92  7:11  Probe  
  92  7:12  Pylon  
  92  7:15  Probe  
  95  7:16  Pylon, Sentry x2  
  103  7:23  Probe x2  
  103  7:28  Probe  
  106  7:31  Assimilator  
  106  7:33  Assimilator  
  106  7:37  Probe  
  106  7:40  Probe, Immortal  
  106  7:42  Pylon  
  106  7:43  Zealot  
  109  7:46  Probe  
  109  7:49  Probe  
  109  7:51  Pylon  
  114  8:08  Probe  
  114  8:11  Probe, Immortal  
  114  8:12  High Templar x2  
  118  8:13  Zealot x4  
  118  8:14  Fleet Beacon  
  118  8:15  Probe  
  129  8:20  Protoss Ground Weapons Level 2  
  129  8:22  Probe  
  129  8:25  Photon Cannon  
  134  8:27  High Templar  
  136  8:38  Pylon  
  136  8:39  Pylon  
  136  8:46  High Templar  
  138  8:49  Nexus  
  138  8:51  Pylon  
  138  8:54  Observer  
  139  9:00  Gateway  
  139  9:03  Mothership  
  139  9:07  Warp Prism  
  139  9:24  Stargate  
  139  9:25  Assimilator  
  139  9:27  Oracle  
  139  9:29  Assimilator  
  137  9:33  Probe  
  137  9:34  Shield Battery  
  137  9:35  Shield Battery  
  137  9:37  Photon Cannon  
  141  9:38  Photon Cannon  
  141  9:47  Photon Cannon  
  141  9:48  Shield Battery  
  141  9:49  Probe  
  141  9:51  High Templar  
  141  9:52  Pylon  
  144  9:54  Gateway  
  144  9:58  Gateway  
  144  9:59  Tempest x2  
  144  10:08  Probe  
  144  10:10  Observer  
  155  10:14  Blink  
  153  10:29  Photon Cannon, Zealot x6  
  153  10:34  Tempest  
  165  10:43  Immortal  
  174  10:50  Observer  
  174  10:52  Zealot x4  
  182  10:59  Protoss Ground Weapons Level 3  
  182  11:00  Zealot x3  
  182  11:04  Observer  
  182  11:05  Zealot x2  
  168  11:19  High Templar x2  
  168  11:25  Tempest x2  
  174  11:33  Archon  
  174  11:35  Zealot x6  
  180  11:46  High Templar  
  176  11:48  Pylon  
  170  11:54  High Templar  
  170  11:59  Tempest  
  170  12:05  Archon  
  169  12:11  High Templar x4  
  168  12:19  Archon  
  168  12:20  Void Ray  
  156  12:31  Warp Prism  
  156  12:36  Stargate  
  160  12:37  Void Ray  
  160  12:38  Zealot x2  
  160  12:39  Zealot x3  
  160  12:40  Observer, Stargate  
  160  12:43  Protoss Air Weapons Level 1  
  164  12:44  Nexus  
  164  12:45  Photon Cannon  
  164  12:50  Pylon  
  164  12:54  Photon Cannon  
  164  12:55  Oracle, High Templar x4  
  170  13:00  Archon x2  
  173  13:12  Dark Shrine  
  169  13:28  Void Ray  
  169  13:32  Zealot x7  
  169  13:33  Zealot x2  
  174  13:37  Void Ray, Tempest  
  174  13:38  Void Ray  
  140  13:49  Probe  
  140  13:54  Stalker x3  
  140  13:55  Zealot x3  
  124  14:00  Observer  
  107  14:04  Zealot x3  
  107  14:20  High Templar x4  
  107  14:23  Zealot x2  
  119  14:24  Immortal  
  119  14:27  Archon  
  119  14:28  Archon  
  119  14:30  Zealot x3  
  97  14:44  Dark Templar x2  
  85  14:51  Dark Templar x2  
  89  14:53  Zealot x3  
  89  14:54  Zealot  
  89  14:57  High Templar  
  99  15:04  Immortal  
  99  15:13  High Templar x2  
  103  15:15  Nexus  
  107  15:25  Archon  
  107  15:26  High Templar  
  107  15:27  Zealot x4  
  115  15:29  Pylon  
  113  15:39  Immortal  
  113  15:40  High Templar  
  113  15:42  High Templar  
  117  15:48  Archon  
  115  15:51  Dark Templar  
  121  15:59  Archon, Assimilator  
  121  16:02  Zealot x4  
  121  16:03  Assimilator  
  129  16:14  Observer  
  129  16:27  Nexus  
  129  16:28  Warp Prism  
  129  16:30  Observer  
  125  16:35  High Templar x4  
  125  16:37  Pylon, Zealot x5  
  143  16:40  Archon  
  143  16:42  Archon  
  139  16:59  Photon Cannon  
  139  17:00  Photon Cannon, Immortal, Shield Battery  
  139  17:01  High Templar, Zealot x4  
  153  17:16  Pylon  
  156  17:26  Dark Templar  
  139  17:40  High Templar  
  141  17:49  Dark Templar  
  143  17:57  Stalker x4  
  138  18:05  Probe  
  138  18:06  Probe x3  
  138  18:17  Stalker x4  
Tags
 
Add a new tag
Caveats
  • Supply blocks, unpowered buildings, or Contaminate may cause inaccurate times.
  • Supply counts are checked every 10 seconds.